 Dungeon Crawl Stone Soup version 0.20-a0 (webtiles) character file.

33930 varam the Cruncher (level 13, -7/71 HPs)
             Began as a Gargoyle Gladiator on Oct 27, 2016.
             Was the Champion of Okawaru.
             Mangled by Rupert
             ... wielding a +3 great mace of holy wrath
              (29 damage)
             ... on level 6 of the Lair of Beasts.
             The game lasted 00:56:33 (17048 turns).

varam the Cruncher (Gargoyle Gladiator)            Turns: 17048, Time: 00:56:33

Health: -7/71      AC: 32    Str: 21    XL:     13   Next: 74%
Magic:  11/17      EV: 17    Int:  9    God:    Okawaru [******]
Gold:   1063       SH: 13    Dex: 17    Spells: 0 memorised, 12 levels left

rFire  . . .     SeeInvis .     X - +8 mace of Certain Death {crush, rN++}
rCold  + + .     Gourm    .     C - +2 ring mail {rPois}
rNeg   + + +     Faith    .     D - +0 shield {AC+3}
rPois  ∞         Spirit   .     (helmet restricted)
rElec  +         Reflect  .     z - +0 cloak of the Spheres {rC+}
rCorr  .         Harm     .     E - +1 pair of gloves
MR     +....                    U - +1 pair of boots
Stlth  ++........               L - amulet of regeneration
                                T - +4 ring of dexterity
                                (no ring)

@: heroism, finesse
A: horns 1, yellow scales 1, blurry vision 1, cold resistance 1, frail 1, magic
resistance 1, negative energy resistance 1, shaggy fur 1, electricity
resistance, unbreathing, petrification resistance, rot immunity, MP-powered
wands, AC +9
a: Heroism, Finesse, Renounce Religion


You were on level 6 of the Lair of Beasts.
You worshipped Okawaru.
Okawaru was exalted by your worship.
You were not hungry.

You visited 3 branches of the dungeon, and saw 19 of its levels.

You collected 1063 gold pieces.

Inventory:

Hand Weapons
 a - the +8 quarterstaff "Olym Wol" {pain, rPois rN+++ Str-2 Stlth-}
   (Okawaru gifted it to you on level 11 of the Dungeon)

   In the hands of one skilled in necromantic magic, it inflicts extra damage on
   living creatures.
   It affects your strength (-2).
   It protects you from poison.
   It renders you almost immune to negative energy.
   It makes you less stealthy.
 n - a +3 whip of electrocution
 X - the +8 mace of Certain Death (weapon) {crush, rN++}
   (You found it on level 9 of the Dungeon)

   It inflicts extra damage upon your enemies.
   It greatly protects you from negative energy.
Missiles
 H - 2 throwing nets (quivered)
 R - 4 tomahawks of returning
Armour
 p - a +0 robe of resistance
 s - a +2 shield of cold resistance
 z - the +0 cloak of the Spheres (worn) {rC+}
   (You found it on level 4 of the Dungeon)

   It protects you from cold.
 C - a +2 ring mail of poison resistance (worn)
 D - a +0 shield of protection (worn)
 E - a +1 pair of gloves (worn)
 U - a +1 pair of boots (worn)
Rods
 O - a +1 iron rod (13/13)
   (You found it on level 8 of the Dungeon)
Jewellery
 c - an uncursed ring of stealth
 d - an uncursed ring of flight
 i - an uncursed ring of stealth
 B - a +3 ring of intelligence
 L - an amulet of regeneration (around neck)
 T - a +4 ring of dexterity (right hand)
 Y - an uncursed ring of resist corrosion
Wands
 y - a wand of polymorph (14/24)
 K - a wand of teleportation (5/9)
 P - a wand of lightning (6/15)
 W - a wand of lightning (2/15)
 Z - a wand of flame (21/48)
Scrolls
 e - a scroll of acquirement {unknown}
 g - 4 scrolls of recharging
 o - 6 scrolls of remove curse {@r2}
 r - 3 scrolls of teleportation
 w - 3 scrolls of magic mapping
 x - a scroll of random uselessness {unknown}
 G - a scroll of blinking {unknown}
 I - a scroll of enchant weapon
 M - 2 scrolls of fear {unknown}
 S - 3 scrolls of identify {@r1}
Potions
 b - a potion of resistance {unknown}
 f - 3 potions of ambrosia
 j - 2 potions of haste
 k - 3 potions of curing {@q1}
 l - 6 potions of agility
 m - a potion of experience {unknown}
 q - a potion of lignification {unknown}
 u - a potion of beneficial mutation {unknown}
 v - a potion of cure mutation {unknown}
 F - 2 potions of berserk rage
 J - a potion of heal wounds {unknown}
Books
 A - the Handbook of Execration
   (You found it on level 2 of the Lair of Beasts)

   Spells                             Type                      Level
   a - Confusing Touch                Hexes                        1
   b - Slow                           Hexes                        2
   c - Inner Flame                    Hexes/Fire                   3
   d - Fulminant Prism                Conjuration/Hexes            4
   e - Leda's Liquefaction            Hexes/Earth                  4
   f - Invisibility                   Hexes                        6
Comestibles
 h - a meat ration
 t - 2 beef jerkies
 N - a bread ration
 Q - 3 fruits
 V - 8 chunks of flesh


   Skills:
 - Level 8.6(13.6) Fighting
 - Level 12.0(19.1) Maces & Flails
 - Level 12.6(19.4) Staves
 - Level 1.7(6.7) Throwing
 - Level 10.1(15.1) Armour
 - Level 4.6(9.6) Dodging
 + Level 7.7(12.7) Shields
 - Level 5.4 Invocations


You had 12 spell levels left.
You didn't know any spells.

Dungeon Overview and Level Annotations

Branches:
Dungeon (12/15)            Temple (1/1) D:6            Lair (6/6) D:8
  Swamp (0/4) Lair:4       Spider (0/4) Lair:4
  Slime: Lair:5-6       Orc: D:9-12

Altars:
Ashenzari
Cheibriados
Dithmenos
Elyvilon
Fedhas
Gozag
Hepliaklqana
Kikubaaqudgha
Makhleb
Nemelex Xobeh
Okawaru
Ru
Sif Muna
Vehumet
Xom
Yredelemnul
Zin
The Shining One

Shops:
D:4 :[[   D:8 %

Portals:
Trove: D:11 (give +3 gold dragon scales)

Annotations:
D:10 RexLacerta's ghost, novice CeGl
Lair:6 Rupert


Innate Abilities, Weirdness & Mutations

You are resistant to torment.
Your stone body is resilient. (AC +9)
You are immune to poison.
You resist negative energy. (rN+)
You are resistant to electric shocks. (rElec)
You can survive without breathing.
You are immune to petrification.
You are immune to rotting.
You have a pair of small horns on your head.
You are partially covered in yellow scales. (AC +2)
Scrolls take you a little longer to read.
Your flesh is cold resistant. (rC+)
You are frail. (-10% HP)
You are resistant to hostile enchantments. (MR+)
You are covered in fur. (AC +1)
You expend magic power (3 MP) to strengthen your wands.


Message History

You block Rupert's attack.
You hit Rupert.
Rupert is heavily wounded.
You sock Rupert! Your headbutt misses Rupert.
Rupert is heavily wounded.
Rupert hits you with a great mace of holy wrath!
You hit Rupert but do no damage.
Rupert is heavily wounded.
You thump Rupert! You headbutt Rupert, but do no damage.
Rupert is heavily wounded.
You barely miss Rupert. Your headbutt misses Rupert.
Rupert is heavily wounded.
Rupert hits you with a great mace of holy wrath!!
* * * LOW HITPOINT WARNING * * *
You sock Rupert!
Rupert is severely wounded.
You hit Rupert but do no damage. You headbutt Rupert, but do no damage.
Rupert is severely wounded.
Rupert hits you with a great mace of holy wrath!!
You die...

#P.....
.###.....#
...#.....##
.......... ..
P......# ...
#.....## .#.#
##.....####
....##...%.P#..##
.........@.......
..........@......
.................
.................
.....P...........
.P...P.....##....
P.##(.....## #..#
# ##..?..# .#.
#.......# .


You could see Rupert (berserk).

Vanquished Creatures
  2 hydras
  A centaur warrior (D:9)
  A catoblepas (Lair:4)
  2 hill giants
  An oklob plant (Lair:1)
  An ugly thing (D:7)
  6 elephants (Lair:3)
  2 manticores
  5 black mambas
  13 spiny frogs
  Psyche (D:10)
  6 komodo dragons
  3 rime drakes
  The ghost of poirepourri the Chopper, an amateur MiAK of Lugonu (D:4)
  A troll (D:8)
  9 blink frogs
  4 hippogriffs
  Sigmund (D:2)
  A redback (Lair:4)
  A spriggan (D:9)
  Eustachio (D:4)
  36 yaks
  2 basilisks
  2 wyverns
  A hungry ghost (D:9)
  A vampire mosquito (D:8)
  Duvessa (D:7)
  9 water moccasins
  9 porcupines
  A swamp drake (Lair:4)
  7 orc warriors
  3 ice beasts
  An eye of draining (shapeshifter) (D:12)
  3 phantoms
  3 sky beasts
  4 ogres
  10 wolves
  7 crocodiles
  3 centaurs
  10 bullfrogs
  4 big kobolds
  Dowan (D:7)
  4 scorpions
  10 killer bees
  11 wights
  6 howler monkeys
  5 crimson imps
  5 hounds
  2 bullfrog zombies
  4 jellies
  5 orc priests
  A centaur skeleton (D:9)
  3 iron imps (D:9)
  Jessica (D:2)
  9 orc wizards
  7 iguanas
  11 worker ants
  A hound zombie (D:9)
  A hound skeleton (D:10)
  A howler monkey zombie (D:5)
  A worker ant zombie (D:5)
  10 gnolls
  8 adders
  A river rat (D:8)
  3 shadow imps
  A dart slug (D:2)
  A worm (D:2)
  3 leopard geckos
  36 orcs
  2 giant cockroaches
  4 goblins
  6 hobgoblins
  6 jackals
  2 quokkas (D:5)
  10 bats
  10 frilled lizards
  2 gnoll zombies (D:7)
  A jackal skeleton (D:9)
  33 kobolds
  A leopard gecko skeleton (D:4)
  10 rats
  A fungus (Lair:1)
  A plant (D:8)
421 creatures vanquished.

Vanquished Creatures (others)
  4 fungi (D:8)
  A plant (Lair:4)
5 creatures vanquished.

Grand Total: 426 creatures vanquished

Notes
Turn   | Place    | Note
-------+----------+-------------------------------------------
     0 | D:1      | varam the Gargoyle Gladiator began the quest for the Orb.
     0 | D:1      | Reached XP level 1. HP: 12/12 MP: 1/1
   253 | D:1      | Reached XP level 2. HP: 16/17 MP: 2/2
   603 | D:2      | Noticed Jessica
   635 | D:2      | Killed Jessica
   635 | D:2      | Reached XP level 3. HP: 16/21 MP: 3/3
   873 | D:2      | Noticed Sigmund
  1015 | D:4      | Noticed poirepourri's ghost (amateur MiAK)
  1065 | D:2      | Killed Sigmund
  1065 | D:2      | Reached XP level 4. HP: 26/26 MP: 4/4
  1065 | D:2      | Reached XP level 5. HP: 30/30 MP: 5/5
  1228 | D:2      | Reached XP level 6. HP: 35/35 MP: 6/6
  2621 | D:4      | Reached XP level 7. HP: 40/40 MP: 7/7
  2662 | D:4      | Found Redupn's Armour Shop.
  2668 | D:4      | Reached skill level 1 in Maces & Flails
  2668 | D:4      | Reached skill level 1 in Armour
  2712 | D:4      | Found Ecves's Armour Emporium.
  2720 | D:4      | Got a smoking cloak
  2726 | D:4      | Identified the +0 cloak of the Spheres {rC+} (You found it on level 4 of the Dungeon)
  2794 | D:4      | Killed poirepourri's ghost
  2837 | D:4      | Noticed Eustachio
  2857 | D:4      | Killed Eustachio
  2857 | D:4      | Reached XP level 8. HP: 37/44 MP: 8/8
  3016 | D:4      | Found Bewekk's Book Shoppe.
  3396 | D:5      | Entered Level 5 of the Dungeon
  3446 | D:5      | Found a sacrificial altar of Ru.
  3585 | D:5      | Noticed a two-headed ogre
  4079 | D:5      | Reached skill level 5 in Armour
  4461 | D:5      | Found a glowing golden altar of the Shining One.
  4840 | D:6      | Found a staircase to the Ecumenical Temple.
  4845 | Temple   | Entered the Ecumenical Temple
  4912 | Temple   | Became a worshipper of Warmaster Okawaru
  4959 | D:6      | Found a sparkling altar of Nemelex Xobeh.
  4965 | D:6      | Reached skill level 5 in Maces & Flails
  5353 | D:6      | Found a blossoming altar of Fedhas.
  5627 | D:7      | Reached XP level 9. HP: 50/50 MP: 9/9
  5887 | D:7      | Gained mutation: Scrolls take you a little longer to read. [mutagenic meat]
  5888 | D:7      | Gained mutation: You are covered in fur. (AC +1) [mutagenic meat]
  5890 | D:7      | Gained mutation: You are partially covered in large bone plates. (SH +4) [mutagenic meat]
  5891 | D:7      | Gained mutation: You are resistant to hostile enchantments. (MR+) [mutagenic meat]
  5900 | D:7      | Noticed Duvessa
  5900 | D:7      | Noticed Dowan
  5919 | D:7      | Killed Duvessa
  5923 | D:7      | Killed Dowan
  6185 | D:7      | Reached * piety under Okawaru
  6431 | D:7      | Found a basalt altar of Yredelemnul.
  6653 | D:8      | Noticed a purple ugly thing
  6741 | D:7      | Killed a purple ugly thing
  6746 | D:7      | Gained mutation: You have a pair of small horns on your head. [mutagenic meat]
  6747 | D:7      | Lost mutation: You are partially covered in large bone plates. (SH +4) [mutagenic meat]
  6810 | D:8      | Reached ** piety under Okawaru
  6958 | D:8      | Found Deelenol's Food Shoppe.
  7054 | D:8      | Reached XP level 10. HP: 52/57 MP: 10/10
  7122 | D:8      | Gained mutation: You expend magic power (3 MP) to strengthen your wands. [potion of mutation]
  7122 | D:8      | Gained mutation: You are frail. (-10% HP) [potion of mutation]
  7122 | D:8      | Gained mutation: You are partially covered in yellow scales. (AC +2) [potion of mutation]
  7123 | D:8      | Gained mutation: Your flesh is cold resistant. (rC+) [potion of mutation]
  7323 | D:8      | Found a staircase to the Lair.
  7664 | D:8      | Found a glowing silver altar of Zin.
  8292 | D:9      | Reached skill level 5 in Fighting
  8296 | D:9      | Reached *** piety under Okawaru
  8332 | D:9      | Got a scorched mace
  8333 | D:9      | Identified the +8 mace of Certain Death {crush, rN++} (You found it on level 9 of the Dungeon)
  8384 | D:9      | Noticed a manticore
  8386 | D:9      | Noticed a centaur warrior
  8550 | D:9      | Killed a centaur warrior
  9085 | D:9      | Reached **** piety under Okawaru
  9087 | D:9      | Reached skill level 10 in Staves
  9220 | D:9      | Found an opulent altar of Gozag.
  9422 | D:9      | Reached XP level 11. HP: 50/57 MP: 11/11
  9424 | D:9      | Noticed a hill giant
  9446 | D:9      | Killed a hill giant
  9641 | D:9      | Found a burning altar of Makhleb.
  9932 | D:9      | Killed a manticore
  9932 | D:9      | Reached ***** piety under Okawaru
 10001 | D:10     | Entered Level 10 of the Dungeon
 10126 | D:10     | Noticed Psyche
 10132 | D:10     | Killed Psyche
 10522 | D:10     | Noticed RexLacerta's ghost (novice CeGl)
 10711 | D:11     | Found a shattered altar of Ashenzari.
 10981 | D:11     | Noticed a hill giant
 10995 | D:11     | Killed a hill giant
 11446 | D:11     | Received a gift from Okawaru
 11446 | D:11     | Reached skill level 10 in Maces & Flails
 11456 | D:11     | Got a sapphire quarterstaff {god gift}
 11457 | D:11     | Identified the +8 quarterstaff "Olym Wol" {pain, rPois rN+++ Str-2 Stlth-} (Okawaru gifted it to you on level 11 of the Dungeon)
 11467 | D:11     | Found a portal to a secret trove of treasure.
 11637 | D:12     | Noticed a four-headed hydra
 11649 | D:12     | Killed a four-headed hydra
 11750 | D:12     | Noticed a manticore
 11765 | D:12     | Killed a manticore
 12067 | Lair:1   | Entered Level 1 of the Lair of Beasts
 12119 | D:8      | Reached XP level 12. HP: 51/64 MP: 12/12
 12120 | D:8      | Reached skill level 10 in Armour
 12574 | Lair:1   | Got a brightly glowing great sword
 12575 | Lair:1   | Identified the cursed +1 great sword "Zymebb" {slice, rF+ Str+2 Dex+4} (You found it on level 1 of the Lair of Beasts)
 13127 | Lair:2   | Received a gift from Okawaru
 13506 | Lair:2   | Found a radiant altar of Vehumet.
 13627 | Lair:2   | Reached ****** piety under Okawaru
 13698 | Lair:2   | Identified the Handbook of Execration
 13916 | Lair:3   | Received a gift from Okawaru
 14089 | Lair:3   | Reached skill level 1 in Invocations
 14249 | Lair:3   | Reached skill level 1 in Shields
 14297 | Lair:3   | Reached XP level 13. HP: 71/71 MP: 14/14
 14725 | Lair:4   | Found a staircase to the Swamp.
 14918 | Lair:4   | Found a hole to the Spider Nest.
 15787 | Lair:5   | Reached skill level 5 in Shields
 15859 | Lair:5   | Reached skill level 5 in Invocations
 15881 | Lair:5   | Received a gift from Okawaru
 16944 | Lair:6   | Entered Level 6 of the Lair of Beasts
 16968 | Lair:6   | Noticed Rupert
 17048 | Lair:6   | Mangled by Rupert

Vault maps used:
D:1:      dpeg_arrival_water_altar, minmay_misc_feat_pillars, minivault_27
D:2:      minitemple, uniq_crazy_yiuf_cottage, uniq_jessica, uniq_sigmund
D:3:      first_bread, minmay_misc_feat_doors
D:4:      serial_shops, shop, shop, nicolae_shop_trees, uniq_eustachio
D:5:      kennysheep_mini_moat, nicolae_tso_swordbearing_angel
D:6:      nemelex_xobeh_ov_fountains_minmay, lemuel_coloured_pillars_altar,
          nicolae_benzene_ring
D:7:      lemuel_zombie_altar_yredelemnul, uniq_duvessa
D:8:      zin_statuary, due_lair_maze_entry_diamond, serial_shops, shop,
          minmay_checkerbox
D:9:      minmay_bloctagon, grunt_gozag_statues, demons_altar, the_bakery
D:10:     erik_orc_1, uniq_psyche
D:11:     nicolae_trove_entry_crossroad, basic_altar
D:12:     basic_altar, serial_shops, kennysheep_mini, minmay_stone_trees_small,
          amethyst_killhole
Temple:   jpeg_temple_clearing
Lair:1:   minmay_lair_oklob_items
Lair:2:   basic_altar, serial_bayou_shore_b
Lair:3:   grunt_megastairs_1
Lair:4:   minmay_swamp_entry_reptiles, spider_nest_entry_rubble,
          infiniplex_staircase_pool, grunt_megastairs_5, serial_bayou_shore_a
Lair:5:   beast_lair_carwin_10
Lair:6:   hangedman_lair_caniforms_friends, minmay_slime_entry_jelly_boxes,
          st_stairs_11, uniq_rupert

Skill      XL: |  1  2  3  4  5  6  7  8  9 10 11 12 13 |
---------------+----------------------------------------+-----
Staves         | 4 6 7 9 10 11 12 | 12.6
Maces & Flails | 3 5 7 9 10 11 12 | 12.0
Armour         | 4 6 7 8 9 10 | 10.1
Fighting       | 3 4 5 7 8 |  8.6
Dodging        | 3 4 |  4.6
Invocations    | 2 5 |  5.4
Shields        | 2 7 |  7.7
Throwing       | |  1.7

Action                   |  1- 3 |  4- 6 |  7- 9 | 10-12 | 13-15 || total
-------------------------+-------+-------+-------+-------+-------++-------
Melee: Quarterstaff      |    92 |       |       |   108 |       ||   200
       Whip              |    10 |    87 |   392 |   204 |       ||   693
       Headbutt          |       |       |     9 |   188 |   108 ||   305
       Punch             |       |       |     1 |       |       ||     1
       Mace              |       |       |       |   452 |   303 ||   755
Throw: Throwing net      |       |     1 |     2 |       |       ||     3
       Stone             |       |       |     6 |       |       ||     6
       Tomahawk          |       |       |    11 |     3 |       ||    14
Invok: Heroism           |       |       |     1 |    10 |     1 ||    12
       Finesse           |       |       |       |       |     1 ||     1
Evoke: Rod               |       |       |     1 |       |       ||     1
  Use: Scroll            |       |       |     2 |    13 |     1 ||    16
       Potion            |       |       |       |     2 |       ||     2
 Stab: Distracted        |       |       |       |     1 |       ||     1
       Sleeping          |       |       |       |     1 |       ||     1
  Eat: Chunk             |       |     6 |    23 |    28 |    10 ||    67
Armor: Leather armour    |    43 |    22 |       |       |       ||    65
       Scale mail        |       |     8 |     8 |       |       ||    16
       Ring mail         |       |       |   121 |   312 |   113 ||   546
       Robe              |       |       |    10 |    17 |       ||    27
Dodge: Dodged            |    93 |    47 |   173 |   353 |    78 ||   744
Block: Other             |       |       |    19 |       |       ||    19
       Shield            |       |       |       |    22 |   101 ||   123
